 Seeded DCSS version 0.30.1-4-g462c640d31 (webtiles) character file.

Game seed: 6351066067085065685 (custom seed)

509 Esekla the Magician (level 6, 0/32 HPs)
             Began as a Deep Elf Wanderer on Sept 14, 2023.
             Was a Believer of Vehumet.
             Slain by a white imp (2 damage)
             ... on level 5 of the Dungeon.
             The game lasted 00:30:46 (4235 turns).

Esekla the Magician (Deep Elf Wanderer)             Turns: 4235, Time: 00:30:47

Health: 0/32       AC:  4    Str: 11    XL:     6   Next: 98%
Magic:  12/17      EV: 12    Int: 20    God:    Vehumet [**....]
Gold:   267        SH:  4    Dex: 14    Spells: 5/18 levels left

rFire   . . .        s - +5 rapier of the Hero {heavy, rN+ Dex+3}
rCold   . . .        d - +0 buckler
rNeg    + . .        c - +0 robe
rPois   .            k - +0 helmet
rElec   .            (no cloak)
rCorr   .            j - +0 pair of gloves
SInv    .            (no boots)
Will    .....        (no amulet)
Stlth   ++           (no ring)
HPRegen 0.25/turn    (no ring)
MPRegen 0.15/turn

%: no passive effects
@: no status effects
A: no striking features
a: Renounce Religion


You were on level 5 of the Dungeon.
You worshipped Vehumet.
Vehumet was pleased with you.
You visited 1 branch of the dungeon, and saw 5 of its levels.

You collected 267 gold pieces.

Inventory:

Hand Weapons
 a - a +2 vampiric dagger
 r - a +0 trident
 s - the +5 rapier of the Hero (weapon) {heavy, rN+ Dex+3}
   (You found it on level 3 of the Dungeon)

   Dex:       It affects your dexterity (+3).
   rN:        It protects you from negative energy.
Missiles
 u - 9 poisoned darts (quivered)
Armour
 c - a +0 robe (worn)
 d - a +0 buckler (worn)
 j - a +0 pair of gloves (worn)
 k - a +0 helmet (worn)
Jewellery
 A - an amulet of magic regeneration
Wands
 p - a wand of roots (13)
 D - a wand of flame (13)
Scrolls
 g - 5 scrolls of identify {unknown}
 m - 2 scrolls of amnesia {unknown}
 n - a scroll of enchant armour {unknown}
 o - a scroll of immolation {unknown}
 t - 2 scrolls of fog {unknown}
 w - a scroll of blinking {unknown}
 x - a scroll of summoning {unknown}
 y - a scroll of silence {unknown}
 z - a scroll of magic mapping {unknown}
 B - a scroll of enchant weapon {unknown}
 C - 2 scrolls of fear
Potions
 b - 2 potions of lignification
 e - a potion of ambrosia {unknown}
 f - 2 potions of attraction {unknown}
 h - a potion of heal wounds {unknown}
 i - 4 potions of curing {unknown}
 l - a potion of mutation {unknown}
 q - a potion of haste {unknown}
 v - 3 potions of brilliance {unknown}


   Skills:
 + Level 1.4 Short Blades
 + Level 0.2 Throwing
 * Level 3.8 Dodging
 + Level 2.0 Stealth
 * Level 2.1 Shields
 * Level 6.6 Spellcasting
 + Level 0.8 Conjurations
 * Level 3.5 Necromancy
 + Level 2.9 Translocations
 * Level 0.6 Air Magic
 * Level 1.3 Poison Magic
 + Level 1.0 Invocations


You had 5 spell levels left.
You knew the following spells:

 Your Spells              Type           Power      Damage    Failure   Level
a - Magic Dart            Conj           36%        1d4       10%         1
b - Blink                 Tloc           36%        N/A       6%          2
c - Freeze                Ice            24%        1d4       14%         1
d - Vampiric Draining     Necr           20%        2d7       10%         3
p - Apportation           Tloc           36%        N/A       4%          1
t - Teleport Other        Tloc           18%        N/A       12%         3
v - Poisonous Vapours     Pois/Air       20%        N/A       14%         2

Your spell library contained the following spells:

 Spells                   Type           Power      Damage    Failure   Level
 Lesser Beckoning         Tloc           36%        N/A       6%          2
 Gell's Gravitas          Tloc           18%        N/A       12%         3
 Spider Form              Tmut/Pois      9%         N/A       30%         3
 Ignite Poison            Fire/Tmut/Pois 8%         N/A       34%         3
 Cause Fear               Hex            3%         N/A       80%         4
 Summon Mana Viper        Hex/Summ       6%         N/A       98%         5


Dungeon Overview and Level Annotations

Branches:
Dungeon (5/15)
 Temple: D:4-7

Altars:
Dithmenos
Hepliaklqana
Okawaru
Qazlal
Trog
Vehumet
Zin
The Shining One

Shops:
D:2 =

Annotations:
D:2 gnolls & black bear


Message History

You feel life coursing into your body.
You feel sick.
You feel sick.
You see here an adder corpse.
You feel sick.
You feel sick.
You are no longer poisoned.
You see here an adder corpse.
A white imp comes into view.
The white imp shouts, "Crawl home, thou yeasty boil-brained flax-wench!"
The white imp completely misses you.
You feel the dreadful sensation subside.
You feel agile.
s - the +5 rapier of the Hero (weapon)
{heavy, rN+ Dex+3} You barely miss the white imp.
The white imp hits you. The white imp freezes you.
The white imp gestures at you. The puff of frost hits you!
You closely miss the white imp. The white imp hits you.
The white imp freezes you. The white imp closely misses you.
Aiming: Throw Flame
Press: ? - help, Shift-Dir - straight line, f - white imp
Aim: a white imp (68% to hit)
The puff of flame misses the white imp.
The white imp closely misses you.
Aiming: Throw Flame
Press: ? - help, Shift-Dir - straight line, f/p - white imp
Aim: a white imp (68% to hit)
The puff of flame misses the white imp.
The white imp gestures at you. The puff of frost hits you!
* * * LOW HITPOINT WARNING * * *
Aiming: Fastroot
Press: ? - help, Shift-Dir - straight line, f/p - white imp
Aim: a white imp The roots erupt in riotous growth!
Roots grab the white imp.
The grasping roots constrict the white imp.
The white imp hits you.
* * * LOW HITPOINT WARNING * * *
The white imp freezes you.
You die...

#.....................<
#.#........##........).
#.##......<........####
#.###...#.#######..#
#.# ##..#....####..#
#.# #..#.###......# #.#
#...## ##.##.## #.#
#...# #....# #.# #@#.#
##.#### #..5....###..#
#............#.#
###.#####..###.# #.#
#..# #.# #.# #..###.###
#.# #........# #.#
##.###.#.# #.# #.#
#.#.#


You could see a white imp (rooted).

Vanquished Creatures
  2 scorpions (D:5)
  3 hounds
  A sleepcap (D:5)
  4 iguanas
  3 gnolls
  8 adders
  A worm (D:4)
  3 dart slugs
  9 orcs
  4 endoplasms
  8 goblins
  5 hobgoblins
  A quokka (D:2)
  6 ball pythons
  4 bats
  4 frilled lizards
  5 kobolds
  A rat (D:2)
72 creatures vanquished.

Notes
Turn   | Place    | Note
-------+----------+-------------------------------------------
     0 | D:1      | Esekla the Deep Elf Wanderer began the quest for the Orb.
     0 | D:1      | Esekla set off with the following items: a +0 club, a
                  | potion of lignification, a +0 robe, a +0 buckler; and the
                  | following spells available to memorise: Apportation, Blink,
                  | Lesser Beckoning, Magic Dart, Ignite Poison, Vampiric
                  | Draining.
     0 | D:1      | Reached XP level 1. HP: 10/10 MP: 7/7
     2 | D:1      | Learned a level 1 spell: Magic Dart
     4 | D:1      | Learned a level 1 spell: Apportation
   369 | D:4      | Found a radiant altar of Vehumet.
   380 | D:4      | Found an iron altar of Okawaru.
   388 | D:4      | Found a glowing silver altar of Zin.
   538 | D:4      | Became a worshipper of Vehumet
   815 | D:3      | Reached XP level 2. HP: 15/15 MP: 9/9
   818 | D:3      | Learned a level 2 spell: Blink
  1071 | D:3      | Identified the +5 rapier of the Hero {heavy, rN+ Dex+3}
  1089 | D:2      | Found Renulab's Jewellery Shop.
  1352 | D:3      | Found a stormy altar of Qazlal.
  1398 | D:2      | Reached skill level 1 in Dodging
  1399 | D:2      | Reached XP level 3. HP: 19/19 MP: 7/11
  1403 | D:2      | Learned a level 3 spell: Vampiric Draining
  1453 | D:2      | Noticed a black bear
  1708 | D:1      | Reached skill level 1 in Necromancy
  1849 | D:1      | Reached skill level 5 in Spellcasting
  1865 | D:1      | Reached * piety under Vehumet
  1865 | D:1      | Offered knowledge of Freeze by Vehumet.
  1870 | D:1      | Learned a level 3 spell: Teleport Other
  2199 | D:1      | Learned a level 1 spell: Freeze
  2366 | D:3      | Reached XP level 4. HP: 20/24 MP: 11/13
  2521 | D:3      | Found a hazy altar of Hepliaklqana.
  2521 | D:3      | Found a bloodstained altar of Trog.
  2736 | D:2      | Reached XP level 5. HP: 21/28 MP: 6/15
  2755 | D:2      | Found a faded altar of an unknown god.
  3210 | D:4      | Found a glowing golden altar of the Shining One.
  3279 | D:4      | Reached skill level 1 in Short Blades
  3417 | D:5      | Entered Level 5 of the Dungeon
  3420 | D:5      | Got the Parchment of the Lumpy Olives
  3441 | D:5      | Found a shadowy altar of Dithmenos.
  3592 | D:5      | Offered knowledge of Poisonous Vapours by Vehumet.
  3596 | D:5      | Learned a level 2 spell: Poisonous Vapours
  3662 | D:5      | Reached ** piety under Vehumet
  3663 | D:5      | Reached XP level 6. HP: 30/32 MP: 11/16
  3835 | D:5      | Reached skill level 6 in Spellcasting
  3998 | D:5      | Reached skill level 1 in Poison Magic
  4235 | D:5      | Slain by a white imp

Illustrated notes

Levels and vault maps discovered:
D:1:      sevenhm_arrival_forest_fort_small_3, layout_rooms,
          chequers_serial_rivers_room_b, minmay_misc_feat_five
D:2:      layout_loops_ring, dreamdust_ecumenical_altar_angels_and_demons,
          serial_shops, shop
D:3:      layout_basic, grunt_temple_overflow_open, minmay_misc_feat_iff
D:4:      layout_basic, nicolae_overflow_quartered_altars, serial_shops,
          nicolae_diamond_shop
D:5:      layout_loops_ring, lemuel_doored_altar, minmay_misc_feat_rows,
          dreamdust_wishing_well

Skill      XL: |  1  2  3  4  5  6 |
---------------+-------------------+-----
Dodging        | 1 2 3 |  3.8
Necromancy     | 1 3 |  3.5
Spellcasting   | 5 6 |  6.6
Stealth        | 2 |  2.0
Short Blades   | 1 |  1.4
Shields        | 2 |  2.1
Poison Magic   | 1 |  1.3
Throwing       | |  0.2
Conjurations   | |  0.8
Translocations | |  2.9
Air Magic      | |  0.6
Invocations    | |  1.0

Action                     |  1- 3 |  4- 6 || total
---------------------------+-------+-------++-------
  Melee: Short sword       |    64 |    52 ||   116
         Dagger            |       |    79 ||    79
         Rapier            |       |     8 ||     8
  Throw: Dart              |       |     8 ||     8
   Cast: Magic Dart        |    63 |    33 ||    96
         Apportation       |    25 |    30 ||    55
         Vampiric Draining |     1 |    21 ||    22
         Blink             |     1 |       ||     1
  Evoke: Wand              |     1 |     4 ||     5
    Use: Scroll            |     1 |       ||     1
   Stab: Sleeping          |     3 |     2 ||     5
         Distracted        |     1 |       ||     1
 Armour: Robe              |    32 |    27 ||    59
  Dodge: Dodged            |    46 |    84 ||   130
  Block: Buckler           |    12 |    19 ||    31
